 Dungeon Crawl Stone Soup version 0.20.0-15-g7f486f2 (webtiles) character file.

660 asdbbb the Ruffian (level 7, 0/59 HPs)
             Began as a Ghoul Gladiator on June 21, 2017.
             Was an Initiate of Cheibriados.
             Slain by an ice beast (1 damage)
             ... on level 4 of the Dungeon.
             The game lasted 00:24:44 (6151 turns).

asdbbb the Ruffian (Ghoul Gladiator)                Turns: 6151, Time: 00:24:44

Health: 0/59       AC:  4    Str: 21    XL:     7   Next: 56%
Magic:  15/15      EV: 13    Int:  4    God:    Cheibriados [......]
Gold:   217        SH:  0    Dex: 11    Spells: 6/6 levels left

rFire    . . .     SeeInvis +     - Unarmed
rCold    + . .     Gourm    +   (no shield)
rNeg     + + +     Faith    .   q - +0 leather armour (curse)
rPois    ∞         Spirit   .   s - +1 hat
rElec    .         Reflect  .   (no cloak)
rCorr    .         Harm     .   (no gloves)
MR       .....                  (no boots)
Stlth    +.........             e - amulet of the gourmand
Regen    0.0/turn               i - ring of see invisible (curse)
MPRegen  0.2/turn               p - ring of magical power

@: rotting, very slow
A: rotting body, claws 1, carnivore 3, cold resistance 1, negative energy
resistance 3, inhibited regeneration, torment resistance, unbreathing
a: Bend Time, Renounce Religion


You were on level 4 of the Dungeon.
You worshipped Cheibriados.
Cheibriados was noncommittal.
You were very hungry.

You visited 1 branch of the dungeon, and saw 5 of its levels.

You collected 217 gold pieces.

Inventory:

Hand Weapons
 D - a cursed -3 trident
Missiles
 c - 3 throwing nets
 g - 5 large rocks
 k - 20 bolts
 m - 75 stones (quivered)
 n - 26 sling bullets
 C - 3 tomahawks
Armour
 a - a +0 leather armour
 b - a +0 helmet
 q - a cursed +0 leather armour (worn)
 s - a +1 hat (worn)
 u - a +1 robe of fire resistance
Jewellery
 e - an amulet of the gourmand (around neck)
 i - a cursed ring of see invisible (left claw)
 p - a ring of magical power (right claw)
 x - a cursed amulet of inaccuracy {unknown}
 A - an uncursed ring of fire {unknown}
 E - an uncursed amulet of magic regeneration {unknown}
Wands
 t - a wand of digging (4/24)
Scrolls
 h - a scroll of recharging
 o - 2 scrolls of teleportation
 r - a scroll of fog
 v - a scroll of identify
 y - a scroll of amnesia
Potions
 f - a potion of haste
 j - a potion of curing {unknown}
 l - a potion of resistance {unknown}
 w - a potion of heal wounds {unknown}
 z - a potion of agility {unknown}
Comestibles
 d - 2 meat rations
 B - a royal jelly


   Skills:
 * Level 4.0 Fighting
 - Level 1.9 Throwing
 + Level 2.5 Armour
 + Level 3.7 Dodging
 * Level 7.2 Unarmed Combat
 + Level 0.7 Invocations


You had 6 spell levels left.
You didn't know any spells.

Dungeon Overview and Level Annotations

Branches:
Dungeon (5/15)
 Temple: D:4-7

Altars:
Cheibriados
Kikubaaqudgha
Makhleb
Sif Muna
Xom


Innate Abilities, Weirdness & Mutations

Your body is rotting away.
You thrive on raw meat.
You are immune to poison.
You have sharp fingernails.
You are carnivorous and can eat meat at any time.
Your flesh is cold resistant. (rC+)
You are immune to negative energy. (rN+++)
You do not regenerate when monsters are visible.
You are immune to unholy pain and torment.
You can survive without breathing.


Message History

You scratch the adder but do no damage.
The adder is almost dead.
The ice beast closely misses you. The ball python barely misses you.
The ball python constricts you. The adder closely misses you.
You miss the adder.
The adder is almost dead.
The ice beast misses you. The ball python barely misses you.
The ball python constricts you. The adder barely misses you.
You scratch the adder.
You kill the adder!
Cheibriados appreciates the change of pace.
The ball python bites you but does no damage.
The ball python constricts you. The ice beast barely misses you.
An orc comes into view. It is wielding a flail.
You escape the ball python's grasp.
The ice beast closely misses you.
You see here an adder corpse.
You barely miss the ball python.
The orc shouts!
The ball python closely misses you. x2; The ice beast hits you.
You die...

####)# #......##.############.#
.....# #.......#.......#....#.#
###### #.......#.#####.#.#....#
.....# #.........#.....#.#..#####
####.###.........#...###........<
.....#...........#...######..####
######.########..###......#..#
#..........o...YS# ###....#..#
#.###.....######@###.#.####..#
#.# #......# #.....#.# #..# #.#
#......# #####.#.####..#
#.###......# #.#.......#
...#######.# #.........# ...# #.#
################# ...# #.#
#%..##.[......# ...#
#.###...##........# ...#
#.................#


You could see an ice beast, an orc and a ball python.

Vanquished Creatures
  An ice beast (D:5)
  A phantom (D:2)
  The ghost of Benis312 the Firebug, an amateur DgFE (D:3)
  A bullfrog skeleton (D:4)
  2 orc wizards
  Jessica (D:3)
  A worker ant (D:4)
  Robin (D:2)
  7 adders
  4 gnolls (D:4)
  A howler monkey skeleton (D:4)
  6 worms
  4 dart slugs
  3 leopard geckos (D:2)
  4 orcs (D:4)
  3 giant cockroaches
  16 goblins
  6 hobgoblins
  5 jackals
  A quokka (D:3)
  11 bats
  7 frilled lizards
  5 kobolds
  10 rats
102 creatures vanquished.

Vanquished Creatures (others)
  An orc wizard (D:3)
1 creature vanquished.

Grand Total: 103 creatures vanquished

Notes
Turn   | Place    | Note
-------+----------+-------------------------------------------
     0 | D:1      | asdbbb the Ghoul Gladiator began the quest for the Orb.
     0 | D:1      | Reached XP level 1. HP: 17/17 MP: 0/0
   481 | D:1      | Reached XP level 2. HP: 24/24 MP: 1/1
  1629 | D:2      | Reached skill level 1 in Armour
  1629 | D:2      | Reached XP level 3. HP: 25/30 MP: 2/2
  1686 | D:2      | Reached skill level 4 in Unarmed Combat
  1686 | D:2      | Reached XP level 4. HP: 8/37 MP: 3/3
  2077 | D:2      | Noticed Robin
  2113 | D:2      | Killed Robin
  2609 | D:2      | Reached XP level 5. HP: 44/44 MP: 4/4
  2998 | D:2      | Noticed a phantom
  3067 | D:2      | Killed a phantom
  3067 | D:2      | Reached skill level 5 in Unarmed Combat
  3472 | D:3      | Noticed Benis312's ghost (amateur DgFE)
  3479 | D:3      | Killed Benis312's ghost
  3479 | D:3      | Reached XP level 6. HP: 26/50 MP: 5/5
  3814 | D:3      | Found a snail-covered altar of Cheibriados.
  3814 | D:3      | Found a shimmering altar of Xom.
  3815 | D:3      | Found an ancient bone altar of Kikubaaqudgha.
  3844 | D:3      | Became a worshipper of Cheibriados the Contemplative
  3899 | D:3      | Found a faded altar of an unknown god.
  4076 | D:3      | Noticed Jessica
  4086 | D:3      | Killed Jessica
  4086 | D:3      | Reached skill level 6 in Unarmed Combat
  4139 | D:3      | Found a burning altar of Makhleb.
  4202 | D:3      | Found a deep blue altar of Sif Muna.
  4776 | D:4      | Reached * piety under Cheibriados
  5147 | D:4      | Reached XP level 7. HP: 49/57 MP: 6/6
  6109 | D:5      | Entered Level 5 of the Dungeon
  6132 | D:5      | Reached skill level 7 in Unarmed Combat
  6146 | D:4      | HP: 2/59 [ball python (1)]
  6151 | D:4      | Slain by an ice beast

Skill      XL: |  1  2  3  4  5  6  7 |
---------------+----------------------+-----
Dodging        | 3 |  3.7
Armour         | 1 2 |  2.5
Unarmed Combat | 4 5 6 7 |  7.2
Fighting       | 3 4 |  4.0
Throwing       | |  1.9
Invocations    | |  0.7

Action                   |  1- 3 |  4- 6 |  7- 9 || total
-------------------------+-------+-------+-------++-------
Melee: Unarmed           |   107 |   201 |    63 ||   371
       Punch             |     1 |     3 |     2 ||     6
Throw: Stone             |       |    15 |       ||    15
Invok: Bend Time         |       |     2 |     3 ||     5
  Use: Scroll            |     5 |     4 |       ||     9
 Stab: Sleeping          |     1 |       |       ||     1
  Eat: Chunk             |     3 |     6 |       ||     9
       Meat ration       |       |     1 |       ||     1
       Royal jelly       |       |       |     1 ||     1
Armor: Leather armour    |    34 |    64 |    18 ||   116
Dodge: Dodged            |    73 |   120 |    75 ||   268
